 Dungeon Crawl Stone Soup version 0.30.0-30-g96aa6591b8 (webtiles) character file.

Game seed: 17211280781537488647

17 GeoRichter the Slasher (level 2, 0/28 HPs)
             Began as a Tengu Berserker on June 26, 2023.
             Was a Follower of Trog.
             Succumbed to a goblin's poison
             ... on level 1 of the Dungeon.
             The game lasted 00:00:55 (677 turns).

GeoRichter the Slasher (Tengu Berserker)             Turns: 677, Time: 00:00:56

Health: 0/28       AC:  2    Str: 17    XL:     2   Next: 62%
Magic:  3/3        EV: 12    Int:  7    God:    Trog [*.....]
Gold:   36         SH:  0    Dex: 13    Spells: 1/1 levels left

rFire   . . .        a - +0 falchion
rCold   . . .        (no shield)
rNeg    . . .        b - +0 animal skin
rPois   .            (helmet restricted)
rElec   .            (no cloak)
rCorr   .            (no gloves)
SInv    .            (boots unavailable)
Will    .....        (no amulet) Stlth
                     (no ring)
HPRegen 0.24/turn    (no ring)
MPRegen 0.08/turn

%: no passive effects
@: berserking, lethally poisoned (0 -> -10), very quick
A: beak, talons 3
a: Renounce Religion, Berserk


You were on level 1 of the Dungeon.
You worshipped Trog.
Trog was aware of your devotion.
You visited 1 branch of the dungeon, and saw 1 of its levels.

You collected 36 gold pieces.

Inventory:

Hand Weapons
 a - a +0 falchion (weapon)
Armour
 b - a +0 animal skin (worn)
Jewellery
 f - an amulet of faith {!P}
   (You found it on level 1 of the Dungeon)
Scrolls
 c - a scroll of poison {unknown}
 d - a scroll of immolation {unknown}
 e - a scroll of silence {unknown}
 g - a scroll of noise {unknown}


   Skills:
 + Level 3.3 Fighting
 * Level 4.0 Long Blades
 - Level 2.1 Armour
 - Level 2.1 Dodging


You had one spell level left.
You didn't know any spells.
Your spell library was empty.

Dungeon Overview and Level Annotations

Branches:
Dungeon (1/15) Zot: 5317

Altars:


Innate Abilities, Weirdness & Mutations

You have a beak for a mouth.
You have claws for feet.


Message History

Search for what [? for help]? armor A ball python comes into view.
Found a white potion.
The ball python hisses angrily.
You hear a shout!
A goblin and a kobold come into view.
The goblin is wielding a +2 dagger of venom.
You see here a bat corpse.
You closely miss the ball python. The ball python closely misses you. x2
You closely miss the ball python.
The ball python bites you but does no damage.
The ball python grabs you. The ball python constricts you.
The ball python barely misses you. The ball python constricts you.
You closely miss the ball python. Your peck misses the ball python.
The ball python closely misses you. The ball python constricts you.
You closely miss the ball python. Your kick misses the ball python.
You peck the ball python.
The ball python is moderately wounded.
The ball python bites you but does no damage.
The ball python constricts you.
You slash the ball python!
You kill the ball python!
Trog accepts your kill.
You barely miss the kobold. The kobold hits you with a +0 whip.
You hit the kobold.
You kill the kobold!
Trog accepts your kill.
The goblin hits you with a +2 dagger of venom.
You are poisoned.
You barely miss the goblin. Your peck misses the goblin.
You feel sick. The goblin closely misses you.
You hit the goblin. Your kick misses the goblin. Your peck misses the goblin.
The goblin is heavily wounded.
You feel sick.
The goblin hits you with a +2 dagger of venom.
* * * LOW HITPOINT WARNING * * *
You are lethally poisoned!
You hit the goblin.
You kill the goblin!
Trog accepts your kill.
* * * LOW HITPOINT WARNING * * *
You feel very sick.
Your Long Blades skill increases to level 4!
You aren't carrying any potions.
You aren't carrying any potions.
A red film seems to cover your vision as you go berserk!
You feel yourself moving faster!
You feel mighty!
* * * LOW HITPOINT WARNING * * *
You feel very sick.
You feel a strong urge to attack something.
You die...

.......###+###.#.###.###.####...
#..........#.#.....#.##...##
#..........#.#.#.....##.###.
#.........##.#.#.....#..# #.
#.........##.#.......#.####.
#..>......##+####....#.#....
#................#.#.#.#....
#........†)....#.#.#.#.#....
#........).@...#...#...#....
#.....................##....
##########........>....#....
#.....#...##.......
#.....###.##..##'## #.....#
#.##..##.## #.....###.##..##...
#.............#####
#....####.###.# #


There were no monsters in sight!

Vanquished Creatures
  2 endoplasms (D:1)
  A giant cockroach (D:1)
  A goblin (D:1)
  2 hobgoblins (D:1)
  2 ball pythons (D:1)
  3 bats (D:1)
  3 frilled lizards (D:1)
  A kobold (D:1)
  A rat (D:1)
16 creatures vanquished.

Notes
Turn   | Place    | Note
-------+----------+-------------------------------------------
     0 | D:1      | GeoRichter the Tengu Berserker began the quest for the Orb.
     0 | D:1      | Reached XP level 1. HP: 14/14 MP: 2/2
   279 | D:1      | Reached XP level 2. HP: 19/19 MP: 3/3
   676 | D:1      | Reached skill level 4 in Long Blades
   677 | D:1      | Succumbed to a goblin's poison

Illustrated notes

Levels and vault maps discovered:
D:1:      shiori_arrival_elements, layout_basic, hangedman_abyss_or_decor_stabs

Skill      XL: |  1  2 |
---------------+-------+-----
Long Blades    | 4 |  4.0
Fighting       | |  3.3
Armour         | |  2.1
Dodging        | |  2.1

Action                     || total
---------------------------++-------
  Melee: Falchion          ||    47
         Kick              ||     5
         Peck              ||     5
 Invoke: Berserk           ||     1
 Armour: Animal skin       ||    15
  Dodge: Dodged            ||    36
